 Dungeon Crawl Stone Soup version 0.30-a0-782-ge64f9170bb (webtiles) character file.

Game seed: 11013548899975747337

194 theswoord the Cudgeller (level 5, 0/42 HPs)
             Began as a Demonspawn Cinder Acolyte on Mar 16, 2023.
             Was a High Priest of Ignis.
             Slain by a bullfrog (1 damage)
             ... in a sewer.
             The game lasted 00:04:33 (2890 turns).

theswoord the Cudgeller (Demonspawn Cinder Acolyte) Turns: 2890, Time: 00:04:33

Health: 0/42       AC:  9    Str: 17    XL:     5   Next: 44%
Magic:  6/6        EV:  6    Int: 15    God:    Ignis [*****.]
Gold:   96         SH:  0    Dex:  8    Spells: 6/6 levels left

rFire   + . .      SeeInvis .    a - +0 mace (flame)
rCold   . . .      Faith    .    (no shield)
rNeg    . . .      Spirit   .    f - +0 chain mail
rPois   .          Reflect  .    (helmet restricted)
rElec   .          Harm     .    (no cloak)
rCorr   .          Rampage  .    (no gloves)
Will    .....                    (no boots) Stlth
                                 (no amulet)
HPRegen 0.27/turn                (no ring)
MPRegen 0.10/turn                (no ring)

@: mighty, lethally poisoned (0 -> -2)
A: antennae 2, rugged brown scales 1, powered by pain 1
a: Renounce Religion, Fiery Armour, Foxfire Swarm, Rising Flame


You were in a sewer.
You worshipped Ignis.
Ignis was extremely pleased with you.
You visited 1 branch of the dungeon, and saw 3 of its levels.
You also visited: Sewer.

You collected 96 gold pieces.

Inventory:

Hand Weapons
 a - a +0 mace of flaming (weapon)
 e - a +0 whip
Armour
 b - a +0 robe
 f - a +0 chain mail (worn)
 l - a +0 helmet
Wands
 k - a wand of charming (6)
Scrolls
 c - 3 scrolls of vulnerability
 h - 2 scrolls of enchant weapon
 m - 2 scrolls of fog
 o - a scroll of identify
Potions
 d - 2 potions of curing
 i - 2 potions of flight
 j - a potion of berserk rage {unknown}
 n - 2 potions of invisibility {unknown}


   Skills:
 - Level 3.0 Fighting
 + Level 5.7 Maces & Flails
 - Level 1.0 Spellcasting
 - Level 2.6 Fire Magic


You had 6 spell levels left.
You didn't know any spells.
Your spell library contained the following spells:

 Spells                   Type           Power      Damage    Failure   Level
 Scorch                   Fire           16%        2d5       92%         2


Dungeon Overview and Level Annotations

Branches:
Dungeon (3/15)              Sewer (1/1)

Altars:
Gozag
Sif Muna


Innate Abilities, Weirdness & Mutations

You have a pair of antennae on your head.
You are partially covered in rugged brown scales. (AC +1, +3% HP)
You sometimes gain a little power by taking damage.


Message History

The adder barely misses you.
The frilled lizard bites you but does no damage. x2
The bullfrog hits you.
The ball python bites you but does no damage.
The ball python constricts you.
The bullfrog hits you but does no damage.
You hit the ball python. You burn the ball python.
You kill the ball python!
The bullfrog hits you!
* * * LOW HITPOINT WARNING * * *
The adder closely misses you.
The frilled lizard bites you but does no damage.
The bullfrog hits you but does no damage.
The bullfrog hits you.
* * * LOW HITPOINT WARNING * * *
The adder bites you but does no damage.
You sock the bullfrog! You burn the bullfrog. The bullfrog hits you.
* * * LOW HITPOINT WARNING * * *
The frilled lizard barely misses you.
The frilled lizard bites you but does no damage.
The bullfrog hits you but does no damage.
The adder closely misses you. The bullfrog barely misses you.
The frilled lizard bites you but does no damage.
The frilled lizard barely misses you.
The frilled lizard bites you but does no damage.
You closely miss the bullfrog. The bullfrog hits you.
* * * LOW HITPOINT WARNING * * *
The adder bites you.
* * * LOW HITPOINT WARNING * * *
You are poisoned.
The adder poisons you!
The bullfrog hits you but does no damage.
The bullfrog barely misses you. The adder bites you but does no damage.
The frilled lizard barely misses you.
The bullfrog hits you but does no damage.
The frilled lizard bites you but does no damage. x2
You closely miss the bullfrog.
You feel sick. The bullfrog hits you.
* * * LOW HITPOINT WARNING * * *
The bullfrog hits you.
You die...

#..'....# #..#....#
####...## #
##################....#
..#~≈≈≈≈≈≈≈≈≈≈≈≈≈≈......#
..~~~~~≈≈≈≈≈≈~≈~~~~....##
F..≈~~~~≈≈≈≈~~~~~~~....#
..~~~≈~JSFl#~~~≈~~~....#
l..~≈≈~#F@.~≈≈≈~≈≈~...##
...≈~≈≈≈ll≈~~≈≈≈≈≈..###
#####################


You could see 2 bullfrogs, an adder, an endoplasm and 3 frilled lizards.

Vanquished Creatures
  5 river rats (Sewer)
  7 adders
  A dart slug (D:1)
  An orc (D:3)
  13 ball pythons
  2 bats (D:1)
  5 endoplasms
  2 giant cockroaches
  2 goblins (D:1)
  7 hobgoblins
  11 jackals
  A quokka (D:2)
  2 frilled lizards (Sewer)
  3 kobolds (D:1)
  31 rats
93 creatures vanquished.

Notes
Turn   | Place    | Note
-------+----------+-------------------------------------------
     0 | D:1      | theswoord the Demonspawn Cinder Acolyte began the quest for
                  | the Orb.
     0 | D:1      | Reached XP level 1. HP: 18/18 MP: 2/2
    67 | D:1      | Reached skill level 3 in Maces & Flails
   323 | D:1      | Gained mutation: You are partially covered in rugged brown
                  | scales. (AC +1, +3% HP) [demonic ancestry]
   323 | D:1      | Reached XP level 2. HP: 17/24 MP: 3/3
   893 | D:1      | Gained mutation: You sometimes gain a little power by
                  | taking damage. [demonic ancestry]
   893 | D:1      | Reached XP level 3. HP: 25/29 MP: 4/4
  1037 | D:2      | Found a faded altar of an unknown god.
  1191 | D:2      | Reached skill level 4 in Maces & Flails
  2263 | D:3      | Found an opulent altar of Gozag.
  2288 | D:3      | Gained mutation: You have a pair of small antennae on your
                  | head. [demonic ancestry]
  2288 | D:3      | Reached XP level 4. HP: 35/36 MP: 5/5
  2370 | D:3      | Found a shimmering blue altar of Sif Muna.
  2447 | D:3      | Found a glowing drain.
  2459 | Sewer    | Entered a sewer
  2481 | Sewer    | Reached skill level 5 in Maces & Flails
  2553 | Sewer    | Gained mutation: You have a pair of antennae on your head.
                  | [demonic ancestry]
  2553 | Sewer    | Reached XP level 5. HP: 41/42 MP: 6/6
  2890 | Sewer    | HP: 1/42 [bullfrog (3)]
  2890 | Sewer    | Slain by a bullfrog

Skill      XL: |  1  2  3  4 |
---------------+-------------+-----
Maces & Flails | 3 4 5 |  5.7
Fighting       | |  3.0
Spellcasting   | |  1.0
Fire Magic     | |  2.6

Action                     |  1- 3 |  4- 6 || total
---------------------------+-------+-------++-------
  Melee: Mace              |    59 |   163 ||   222
         Whip              |   101 |       ||   101
         Punch             |     4 |       ||     4
    Use: Scroll            |     9 |     1 ||    10
         Potion            |     1 |     4 ||     5
   Stab: Sleeping          |     1 |       ||     1
 Armour: Robe              |    34 |       ||    34
         Chain mail        |    25 |   223 ||   248
  Dodge: Dodged            |    75 |    85 ||   160

Levels and vault maps discovered:
D:1:      nicolae_arrival_escape_room, layout_basic
D:2:      layout_basic, hellmonk_ecumenical_altar_lost_god
D:3:      layout_basic, nicolae_sif_muna_little_library,
          mainiacjoe_overflow_concentric_impassable, grunt_gozag_statues,
          mainiacjoe_overflow_tiny_flanked, cheibrodos_sewer_entry_sluice
Sewer:    sewer_minmay_w
